 Dungeon Crawl Stone Soup version 0.24-a0-693-g39a19ac0f1 (webtiles) character file.

Game seed: 2426837936262588032, levelgen mode: deterministic

111 MisterOstroum the Sneak (level 5, -2/35 HPs)
             Began as a Human Enchanter on Sept 28, 2019.
             Killed by divine providence
             ... invoked by an orc priest
              (17 damage)
             ... on level 2 of the Dungeon.
             The game lasted 00:03:56 (2455 turns).

MisterOstroum the Sneak (Human Enchanter)           Turns: 2455, Time: 00:03:57

Health: -2/35      AC:  5    Str:  9    XL:     5   Next: 15%
Magic:  8/8        EV: 12    Int: 16    God:
Gold:   68         SH:  0    Dex: 13    Spells: 2/8 levels left

rFire    . . .     SeeInvis +   a - +1 dagger
rCold    . . .     Gourm    .   (no shield)
rNeg     . . .     Faith    .   b - +0 robe
rPois    .         Spirit   .   (no helmet)
rElec    .         Reflect  .   c - +0 cloak (curse)
rCorr    .         Harm     .   v - +1 pair of gloves
MR       .....                  (no boots)
Stlth    +++.......             (no amulet)
HPRegen  0.11/turn              k - ring of see invisible
MPRegen  0.11/turn              (no ring)

@: no status effects
A: no striking features
a: no special abilities


You were on level 2 of the Dungeon.
You were not hungry.

You visited 1 branch of the dungeon, and saw 2 of its levels.

You collected 68 gold pieces.

Inventory:

Hand Weapons
 a - a +1 dagger (weapon)
 j - a +0 spear
Armour
 b - a +0 robe (worn)
 c - a cursed +0 cloak (worn)
 v - a +1 pair of gloves (worn)
Jewellery
 k - a ring of see invisible (left hand)
Scrolls
 g - a scroll of identify {@r1}
 h - a scroll of blinking {unknown}
 l - a scroll of remove curse {unknown}
 p - a scroll of amnesia {unknown}
 s - a scroll of magic mapping {unknown}
 t - a scroll of teleportation {unknown}
 u - a scroll of fog {unknown}
Potions
 d - a potion of ambrosia
 f - a potion of curing {unknown}
 i - 3 potions of brilliance {unknown}
 n - 2 potions of haste {unknown}
 o - a potion of heal wounds {unknown}
 q - a potion of lignification {unknown}
 r - a potion of invisibility {unknown}
Comestibles
 e - 4 rations
 m - 4 chunks of flesh


   Skills:
 - Level 1.0 Short Blades
 - Level 2.0 Dodging
 * Level 4.9 Stealth
 - Level 2.0 Spellcasting
 + Level 3.5 Hexes
 + Level 1.6 Ice Magic


You had 2 spell levels left.
You knew the following spells:

 Your Spells              Type           Power        Failure   Level  Hunger
a - Corona                Hex            ##.....      4%          1    #......
b - Ensorcelled Hibernat  Hex/Ice        #.....       11%         2    ###....
c - Confuse               Hex            ##......     14%         3    ###....

Your spell library contained the following spells:

 Spells                   Type           Power        Failure   Level  Hunger
 Tukima's Dance           Hex            ##......     14%         3    ###....
 Dazzling Spray           Conj/Hex       #.....       30%         3    ###....


Dungeon Overview and Level Annotations

Branches:
Dungeon (2/15)

Altars:


Message History

You see here a bat corpse.
Casting: Ensorcelled Hibernation (safe; 12% risk of failure)
Confirm with . or Enter, or press ? or * to list all spells.
Aiming: Ensorcelled Hibernation (safe; 12% risk of failure)
Press: ? - help, Shift-Dir - straight line, f - adder
Aim: an adder (chance to defeat MR: 50%)
The adder looks drowsy...
The helpless adder fails to defend itself.
You impale the adder!!
You kill the adder!
You have reached level 5!
You see here a bat corpse.
You butcher the bat corpse.
m - 4 chunks of flesh (gained 1)
You see here a bat skeleton.
You see here an adder corpse.
You butcher the adder corpse.
m - 5 chunks of flesh (gained 1)
You see here an adder skeleton.
Eating one of 5 chunks of flesh.
You eat one of the 5 chunks of flesh.
This raw flesh tastes terrible.
You now have 68 gold pieces (gained 11).
A kobold comes into view.
A kobold is nearby!
A kobold is nearby!
A kobold is nearby!
An adder comes into view.
The helpless kobold fails to defend itself.
You impale the kobold!!
You kill the kobold!
The helpless adder fails to defend itself.
You puncture the adder!
You kill the adder!
No target in view!
No target in view!
No target in view!
No target in view!
No target in view!
No target in view!
No target in view!
No target in view!
You see here an adder corpse.
You butcher the adder corpse.
m - 6 chunks of flesh (gained 2)
You see here an adder skeleton.
v - a pair of embroidered gloves Wear which item? (? for menu, Esc to quit)
You start putting on your armour.
You continue putting on your pair of embroidered gloves. x4
You finish putting on your +1 pair of gloves.
Found a spear.
A frilled lizard and an orc priest come into view.
There are monsters nearby!
No missiles available.
Use F to throw any item.
Wield which item (- for none, * to show all)? (? for menu, Esc to quit)
Okay, then.
Some of the chunks of flesh in your inventory have rotted away.
You see here a spear.
Found a stone staircase leading up.
A giant cockroach, an orc, an orc priest and an orc wizard come into view.
The orc shouts!
The orc priest shouts!
You hear a shout!
You hear an angry hiss.
You hear a shout!
The orc wizard shouts!
You hit the giant cockroach.
The giant cockroach is severely wounded.
The giant cockroach barely misses you.
An orc comes into view. It is wielding a +2 flail of draining.
The giant cockroach bites you but does no damage.
You hit the giant cockroach.
The giant cockroach is almost dead.
The giant cockroach bites you but does no damage.
You closely miss the giant cockroach.
The giant cockroach is almost dead.
The orc hits you but does no damage. The giant cockroach closely misses you.
You barely miss the giant cockroach.
The giant cockroach is almost dead.
A bat comes into view.
The orc hits you with a +0 short sword. The giant cockroach closely misses you.
A hobgoblin comes into view.
You hit the giant cockroach.
You kill the giant cockroach!
The orc hits you with a +0 short sword.
The orc priest invokes the aid of Beogh against you.
Beogh smites you! The bat hits you.
You hit the bat.
The bat is severely wounded.
The bat barely misses you. The bat closely misses you.
The orc closely misses you.
You closely miss the bat.
The bat is heavily wounded.
The bat hits you. The bat closely misses you.
The orc hits you with a +0 short sword.
You hit the bat.
You kill the bat!
The orc wizard mumbles some strange words.
The orc wizard seems to speed up.
The orc hits you with a +0 short sword.
You barely miss the orc priest.
The orc priest mumbles some strange prayers to Beogh against you.
Beogh smites you!
You die...

#..# #... #.... ######
# .. ##. ########
#####. .#..g###...#..
...#. ...#oo@oo#.#.#
#.#. #.<.###.#.#.##
#...
##.#.o..#.)..######...
#..o#######....##....
..... #....##.#.รท...
#####.# #.#.###.##....
..l..#.#.# #.###...
#........# #.####..
########## #.......


You could see an orc priest, an orc wizard, 2 orcs and a hobgoblin.

Vanquished Creatures
  4 gnolls
  3 adders (D:2)
  An ooze (D:1)
  A worm (D:2)
  2 dart slugs (D:2)
  2 leopard geckos (D:1)
  2 giant cockroaches
  5 goblins
  4 hobgoblins
  A ball python (D:2)
  5 bats
  A frilled lizard (D:1)
  3 kobolds
  4 rats
38 creatures vanquished.

Notes
Turn   | Place    | Note
-------+----------+-------------------------------------------
     0 | D:1      | MisterOstroum the Human Enchanter began the quest for the
                  | Orb.
     0 | D:1      | Reached XP level 1. HP: 13/13 MP: 3/3
   368 | D:1      | Reached XP level 2. HP: 19/19 MP: 5/5
   372 | D:1      | Learned a level 2 spell: Ensorcelled Hibernation
   920 | D:1      | Reached XP level 3. HP: 24/24 MP: 6/6
   949 | D:1      | Reached skill level 4 in Stealth
  1191 | D:2      | Learned a level 3 spell: Confuse
  1307 | D:1      | Reached skill level 1 in Ice Magic
  1584 | D:2      | Reached XP level 4. HP: 9/30 MP: 2/7
  2350 | D:2      | Reached XP level 5. HP: 34/35 MP: 3/8
  2455 | D:2      | Killed from afar by an orc priest

Levels and vault maps discovered:
D:1:      minmay_arrival_glassed_features, layout_basic, minmay_pentomino_t4
D:2:      layout_loops_ring

Skill      XL: |  1  2  3 |
---------------+----------+-----
Stealth        | 4 |  4.9
Ice Magic      | 1 |  1.6
Short Blades   | |  1.0
Dodging        | |  2.0
Spellcasting   | |  2.0
Hexes          | |  3.5

Action                   |  1- 3 |  4- 6 || total
-------------------------+-------+-------++-------
Melee: Dagger            |    47 |    44 ||    91
 Cast: Corona            |     2 |       ||     2
       Ensorcelled Hiber |     8 |     8 ||    16
  Use: Scroll            |     1 |       ||     1
 Stab: Sleeping          |    14 |     9 ||    23
  Eat: Chunk             |     2 |     4 ||     6
Armor: Robe              |     6 |     9 ||    15
Dodge: Dodged            |    27 |    24 ||    51

Table legend:
 A = Non-vault XP
 B = Vault XP
 C = Vault XP percentage of total XP
 D = Non-vault monster count
 E = Vault monster count
 F = Vault count percentage of total count
                 A         B        C        D         E       F
            +---------+---------+-------+---------+---------+-------
      Total |     155 |       4 |   2.5 |      36 |       2 |   5.3
            +---------+---------+-------+---------+---------+-------
        D:1 |      45 |       4 |   8.2 |      16 |       2 |  11.1
        D:2 |     110 |       0 |   0.0 |      20 |       0 |   0.0
            +---------+---------+-------+---------+---------+-------
